 Dungeon Crawl Stone Soup version 0.28.0-53-g5a82cb258f (webtiles) character file.

Game seed: 14339577981625766190

2454 cbfl8 the Cleaver (level 9, 0/118 HPs)
             Began as a Minotaur Berserker on Nov 15, 2022.
             Was an Elder of Trog.
             Slain by an 11-headed hydra (8 damage)
             ... on level 7 of the Dungeon.
             The game lasted 00:08:54 (7897 turns).

cbfl8 the Cleaver (Minotaur Berserker)              Turns: 7897, Time: 00:08:54

Health: 0/118      AC: 15    Str: 23    XL:     9   Next: 25%
Magic:  8/8        EV:  8    Int:  4    God:    Trog [****..]
Gold:   438        SH:  5    Dex: 15    Spells: 8/8 levels left

rFire   . . .      SeeInvis .   a - +0 hand axe
rCold   . . .      Faith    .   (no shield)
rNeg    + . .      Spirit   .   f - +0 plate armour "Tuiguig" {rElec rN+ Str+2}
rPois   .          Reflect  +   (helmet restricted)
rElec   +          Harm     .   d - +0 cloak
rCorr   .          Rampage  .   (no gloves)
Will    .....                   w - +0 pair of boots
Stlth   ..........              n - amulet of reflection
HPRegen 0.29/turn               (no ring)
MPRegen 0.11/turn               (no ring)

@: berserking, slowed
A: horns 2, retaliatory headbutt
a: Renounce Religion, Berserk, Trog's Hand, Brothers in Arms


You were on level 7 of the Dungeon.
You worshipped Trog.
Trog was greatly pleased with you.
You visited 1 branch of the dungeon, and saw 7 of its levels.

You collected 438 gold pieces.

Inventory:

Hand Weapons
 a - a +0 hand axe (weapon)
Missiles
 k - 2 throwing nets
Armour
 d - a +0 cloak (worn)
 f - the +0 plate armour "Tuiguig" (worn) {rElec rN+ Str+2}
   (You found it on level 7 of the Dungeon)

   Str:       It affects your strength (+2).
   rElec:     It insulates you from electricity.
   rN:        It protects you from negative energy.
 l - a +0 chain mail
 v - a +0 plate armour
 w - a +0 pair of boots (worn)
Jewellery
 n - an amulet of reflection (around neck)
Scrolls
 g - 4 scrolls of noise
 i - 2 scrolls of vulnerability
 j - 3 scrolls of enchant weapon
 r - a scroll of fear {unknown}
 s - 2 scrolls of silence
 u - 3 scrolls of enchant armour
Potions
 b - 2 potions of flight {unknown}
 e - a potion of heal wounds {unknown}
 h - 3 potions of mutation {unknown}
 o - 2 potions of attraction {unknown}
 p - a potion of lignification {unknown}
 x - a potion of might {unknown}


   Skills:
 * Level 7.5 Fighting
 * Level 10.3 Axes
 + Level 5.7 Armour
 * Level 4.5 Dodging
 + Level 0.2 Stealth
 + Level 2.9 Shields
 * Level 3.8 Evocations


You had 8 spell levels left.
You didn't know any spells.
Your spell library was empty.

Dungeon Overview and Level Annotations

Branches:
Dungeon (7/15)             Temple (0/1) D:6

Altars:
Yredelemnul

Shops:
D:1 ??*   D:5 *


Innate Abilities, Weirdness & Mutations

You have a pair of horns on your head.
You reflexively headbutt those who attack you in melee.


Message History

* * * LOW HITPOINT WARNING * * *
The goblin zombie misses you. The kobold barely misses you.
The kobold brigand hits you but does no damage.
You closely miss the kobold. You headbutt the kobold.
You kill the kobold!
Trog accepts your kill.
You slash the kobold brigand!
You slice one of the eight-headed hydra's heads off!
The seven-headed hydra grows two more!
You slash the nine-headed hydra! You slash the goblin zombie!
The goblin zombie hits you but does no damage.
The kobold brigand hits you but does no damage.
You chop one of the nine-headed hydra's heads off!
The eight-headed hydra grows two more!
You slash the ten-headed hydra! You headbutt the ten-headed hydra.
The ten-headed hydra is lightly wounded.
You slash the goblin zombie!
You destroy the goblin zombie!
Trog accepts your kill.
You hit the kobold brigand.
You block the ten-headed hydra's attack.
The ten-headed hydra bites you but does no damage. x2
The ten-headed hydra bites you.
* * * LOW HITPOINT WARNING * * *
The ten-headed hydra bites you.
* * * LOW HITPOINT WARNING * * *
The ten-headed hydra bites you but does no damage. x2
You block the ten-headed hydra's attack.
The ten-headed hydra bites you but does no damage.
The ten-headed hydra closely misses you.
You lop one of the ten-headed hydra's heads off!
The nine-headed hydra grows two more!
You slash the 11-headed hydra!
The 11-headed hydra is lightly wounded.
You hit the kobold brigand.
A centaur skeleton comes into view.
The shadow imp gestures at you. Pain shoots through your body!
* * * LOW HITPOINT WARNING * * *
The 11-headed hydra bites you!
You die...

.. ... .. ... ..<##....#
.K #....( ......#.##..#
#... . ..#..#..Z...##...
..##...... #.......
.......## ##.....##
##5...##.##.....##
.#..###KK).........#†...
.......@D.....####..§...
###.###'###..## ##.....
..# #.##...# ###..# #..#
###..### ##.. ..#....#.
#..## ##D ..#.....##
#....# . ....#...##
#...... .
#.......###.....#. .
#..(#....#........


You could see a 11-headed hydra, a kobold brigand, a shadow imp, a kobold and a
centaur skeleton.

Vanquished Creatures
  Prince Ribbit (D:7)
  A steam dragon (D:7)
  Menkaure (D:4)
  Duvessa (D:6)
  2 orc warriors
  2 sky beasts (D:5)
  An ice beast (D:7)
  2 necrophages
  A centaur (D:5)
  2 scorpions (D:6)
  2 bullfrogs (D:6)
  A wyvern skeleton (D:5)
  Dowan (D:6)
  A vampire bat (D:3)
  A howler monkey (D:7)
  3 orc priests
  A bullfrog skeleton (D:4)
  A hound (D:6)
  A centaur skeleton (D:7)
  A gnoll shaman (D:5)
  2 orc wizards
  An iguana (D:5)
  2 killer bee zombies
  A hound skeleton (D:4)
  5 adders
  10 gnolls
  A white imp (D:3)
  2 adder skeletons (D:4)
  A worm (D:2)
  A dart slug (D:1)
  3 fire bats (D:3)
  21 orcs
  2 spectral bats (D:3)
  7 ball pythons
  13 bats
  3 bat skeletons (D:3)
  A bat zombie (D:3)
  4 endoplasms
  4 giant cockroaches
  16 hobgoblins
  2 jackals (D:3)
  5 quokkas
  A bat simulacrum (D:3)
  2 frilled lizards
  11 goblins
  A goblin zombie (D:7)
  8 kobolds
  5 rats
162 creatures vanquished.

Vanquished Creatures (others)
  An ogre (D:7)
  8 fungi (D:6)
  4 plants (D:4)
13 creatures vanquished.

Grand Total: 175 creatures vanquished

Notes
Turn   | Place    | Note
-------+----------+-------------------------------------------
     0 | D:1      | cbfl8 the Minotaur Berserker began the quest for the Orb.
     0 | D:1      | Reached XP level 1. HP: 19/19 MP: 0/0
   416 | D:1      | Reached XP level 2. HP: 27/27 MP: 1/1
   422 | D:1      | Reached skill level 4 in Axes
   618 | D:1      | Found Guhaigia's Assorted Antiques.
   653 | D:1      | Reached XP level 3. HP: 31/33 MP: 2/2
   734 | D:1      | Found Tilluef's Magic Scroll Shop.
   932 | D:1      | Found a faded altar of an unknown god.
  1072 | D:1      | Found Tadariab's Magic Scroll Boutique.
  1464 | D:2      | Reached ** piety under Trog
  1656 | D:2      | Reached XP level 4. HP: 40/41 MP: 3/3
  1973 | D:2      | Reached skill level 1 in Evocations
  1986 | D:2      | Reached skill level 5 in Axes
  2861 | D:3      | Reached XP level 5. HP: 47/47 MP: 4/4
  2979 | D:3      | Reached skill level 5 in Fighting
  3105 | D:3      | Reached skill level 6 in Axes
  3105 | D:3      | Reached XP level 6. HP: 55/56 MP: 5/5
  3235 | D:3      | Found a basalt altar of Yredelemnul.
  3263 | D:3      | Reached *** piety under Trog
  3887 | D:4      | Noticed Menkaure
  3897 | D:4      | Killed Menkaure
  4302 | D:4      | Reached skill level 7 in Axes
  4370 | D:4      | Reached XP level 7. HP: 59/61 MP: 6/6
  5147 | D:5      | Entered Level 5 of the Dungeon
  5379 | D:5      | Reached skill level 8 in Axes
  5838 | D:5      | Reached XP level 8. HP: 70/70 MP: 7/7
  5862 | D:5      | Found Humpixog's Fire Supplies.
  6591 | D:6      | Reached skill level 9 in Axes
  6814 | D:6      | Found a staircase to the Ecumenical Temple.
  6863 | D:6      | Reached skill level 5 in Armour
  7027 | D:6      | Noticed Dowan
  7027 | D:6      | Noticed Duvessa
  7035 | D:6      | Killed Dowan
  7035 | D:6      | Reached **** piety under Trog
  7039 | D:6      | Killed Duvessa
  7731 | D:7      | Noticed Prince Ribbit
  7743 | D:7      | Killed Prince Ribbit
  7744 | D:7      | Reached skill level 10 in Axes
  7744 | D:7      | Reached XP level 9. HP: 79/79 MP: 8/8
  7783 | D:7      | Identified the +0 plate armour "Tuiguig" {rElec rN+ Str+2}
  7880 | D:7      | Noticed an eight-headed hydra
  7897 | D:7      | Slain by an 11-headed hydra

Illustrated notes

Levels and vault maps discovered:
D:1:      tarquinn_simple_flora_water_f, layout_basic,
          shapermc_ecumenical_altar_mp_vishouse, serial_shops, shop_scrolls,
          nicolae_shop_trees, nicolae_square_shop, solitary_fountain
D:2:      layout_basic
D:3:      layout_rooms, amcnicky_altar_gilded, goddamned_bats
D:4:      cheibrodos_old_hovel, layout_loops_ring, uniq_menkaure
D:5:      layout_cave_pods, nicolae_shop_fire_sale [nicolae_sub_dead_trees]
D:6:      layout_basic, minmay_temple_entry_hall, serial_aquarium,
          aquarium_bridge_square [aquarium_subvault_bridge,
          aquarium_subvault_window, aquarium_subvault_bridge,
          aquarium_subvault_wall], aquarium_bridge_square
          [aquarium_subvault_bridge, aquarium_subvault_bridge,
          aquarium_subvault_window, aquarium_subvault_bridge],
          aquarium_window_fake, aquarium_window_corner,
          aquarium_window_corridor_2, aquarium_view_2d, uniq_duvessa
D:7:      minmay_blocky_corners, layout_cave_pools, nicolae_ossuary_entry_giza,
          uniq_prince_ribbit1

Skill      XL: |  1  2  3  4  5  6  7  8 |
---------------+-------------------------+-----
Fighting       | 4 5 7 |  7.5
Axes           | 4 5 6 7 8 10 | 10.3
Evocations     | 1 3 |  3.8
Armour         | 3 4 5 |  5.7
Dodging        | 3 4 |  4.5
Shields        | 2 |  2.9
Stealth        | |  0.2

Action                   |  1- 3 |  4- 6 |  7- 9 || total
-------------------------+-------+-------+-------++-------
Melee: Hand axe          |    85 |   164 |   190 ||   439
       Headbutt          |    17 |    23 |    50 ||    90
       Punch             |     1 |     2 |     3 ||     6
Invok: Berserk           |       |     2 |     3 ||     5
Evoke: Wand              |       |       |     4 ||     4
  Use: Scroll            |       |     1 |     6 ||     7
       Potion            |       |       |     4 ||     4
Armor: Ring mail         |    31 |     3 |       ||    34
       Chain mail        |       |    88 |    54 ||   142
       Plate armour      |       |       |    30 ||    30
       Skin              |       |       |     1 ||     1
Dodge: Dodged            |    59 |    78 |    85 ||   222
Block: Other             |       |       |    49 ||    49
